 Dungeon Crawl Stone Soup version 0.16-b1 (webtiles) character file.

71 McCoppin the Ruffian (level 4, -2/39 HPs)
             Began as a Troll Conjurer on Mar 14, 2015.
             Slain by Sigmund
             ... wielding a +0 scythe
              (13 damage)
             ... on level 2 of the Dungeon.
             The game lasted 00:03:16 (1061 turns).

McCoppin the Ruffian (Troll Conjurer)               Turns: 1061, Time: 00:03:16

Health: -2/39      AC:  5    Str: 22    XL:     4   Next: 5%
Magic:  4/4        EV:  9    Int: 11    God:
Gold:   34         SH:  0    Dex: 10    Spells: 1 memorised, 4 levels left

rFire  . . .     SeeInvis .       - Unarmed
rCold  . . .     Clarity  .     a - +0 robe
rNeg   . . .     SustAb   .     (shield restricted)
rPois  .         Gourm    +     (helmet restricted)
rElec  .         Spirit   .     (no cloak)
rCorr  .         Warding  .     (gloves unavailable)
rMut   .         Stasis   .     (boots unavailable)
MR     .....                    l - amulet of rage
Stlth  +.........               (no ring)
                                (no ring)

@: mighty, not resistant to hostile enchantments, very unstealthy
A: unfitting armour, claws 3, fast metabolism 3, gourmand, regeneration 2,
shaggy fur 1, tough skin 2
a: Evoke Berserk Rage


You were on level 2 of the Dungeon.
You were very full.

You visited 1 branch of the dungeon, and saw 2 of its levels.

You collected 34 gold pieces.

Inventory:

Armour
 a - a +0 robe (worn)
Jewellery
 l - an amulet of rage (around neck)
Scrolls
 e - 2 scrolls of remove curse {unknown}
 f - a scroll of immolation {unknown}
 i - 2 scrolls of identify {unknown}
 j - a scroll of random uselessness {unknown}
 k - a scroll of amnesia {unknown}
Books
 c - a book of Conjurations

   Spells                             Type                      Level
   a - Magic Dart                     Conjuration                  1
   b - Searing Ray                    Conjuration                  2
   c - Dazzling Spray                 Conjuration/Hexes            3
   d - Fulminant Prism                Conjuration/Hexes            4
   e - Iskenderun's Mystic Blast      Conjuration                  4
   f - Iskenderun's Battlesphere      Conjuration/Charms           5
Comestibles
 b - 3 meat rations
 d - a slice of pizza
 g - 2 chunks of flesh
 m - a bread ration


   Skills:
 - Level 1.5 Dodging
 - Level 1.1 Stealth
 + Level 3.7 Unarmed Combat
 - Level 1.2 Spellcasting
 - Level 2.9 Conjurations


You had 4 spell levels left.
You knew the following spells:

 Your Spells              Type           Power        Failure   Level  Hunger
a - Magic Dart            Conj           #...         12%         1    ##.....


Dungeon Overview and Level Annotations

Branches:
Dungeon (2/15)

Altars:

Annotations:
D:2 Sigmund


Innate Abilities, Weirdness & Mutations

You are too large for most types of armour.
You have claws for hands.
Your metabolism is lightning-fast.
You like to eat raw meat.
You heal very quickly.
You are covered in fur (AC +1).
You have very tough skin (AC +2).


Message History

You're too confused to cast spells.
You're too confused!
Unknown command.
You're too confused!
Unknown command.
You're too confused!
You're too confused!
You're too confused to move!
The bat hits you but does no damage.
You claw the bat!
You kill the bat!
Something hits you but does no damage. Something hits you but does no damage.
You completely miss something. Your claw misses something.
Something hits you but does no damage. Something hits you.
* * * LOW HITPOINT WARNING * * *
You're too confused to move!
You feel less confused. Something hits you!
You die...

##.....##....
##............
###########..............
..................?.......
###########...............
.## #..<............ ..##
#................ #..###
#.......{........ ##...#
##....@.........# ###.#
#........#.....# #.##
###.####..########
####..###...# #..#
..)...((..######.##
########.(.#.....# .
###...###.# . ##..# #.###.
#...# #.#..


There were no monsters in sight!

Vanquished Creatures
  3 adders
  2 worms (D:2)
  A giant gecko (D:1)
  An ooze (D:1)
  5 bats
  6 goblins
  3 hobgoblins
  3 giant cockroaches
  3 giant newts (D:2)
  A kobold (D:1)
  3 rats (D:1)
31 creatures vanquished.

Notes
Turn   | Place    | Note
--------------------------------------------------------------
     0 | D:1      | McCoppin, the Troll Conjurer, began the quest for the Orb.
     0 | D:1      | Reached XP level 1. HP: 16/16 MP: 2/2
    36 | D:1      | Reached skill level 1 in Unarmed Combat
   101 | D:1      | Reached XP level 2. HP: 21/24 MP: 2/2
   686 | D:1      | Reached XP level 3. HP: 21/31 MP: 3/3
   771 | D:2      | Reached skill level 3 in Unarmed Combat
   988 | D:2      | Reached XP level 4. HP: 26/39 MP: 4/4
  1020 | D:2      | Noticed Sigmund
  1061 | D:2      | Slain by Sigmund

Action                   |  1- 3 |  4- 6 || total
-------------------------+-------+-------++-------
Melee: Unarmed           |    80 |    15 ||    95
  Use: Potion            |       |     1 ||     1
  Eat: Chunk             |    13 |       ||    13
